 Dungeon Crawl Stone Soup version 0.22-a0-299-g43f9854 (webtiles) character file.

56840 Gorice the Warrior (level 14, -2/137 HPs)
             Began as a Minotaur Gladiator on Mar 25, 2018.
             Was the Champion of Zin.
             Slain by a sun demon (17 damage)
             ... summoned by an orc sorcerer
             ... on level 2 of the Orcish Mines.
             The game lasted 01:24:54 (25416 turns).

Gorice the Warrior (Minotaur Gladiator)            Turns: 25416, Time: 01:24:55

Health: -2/137     AC: 29    Str: 23    XL:     14   Next: 43%
Magic:  15/15      EV: 10    Int: 16    God:    Zin [******]
Gold:   2122       SH:  3    Dex: 11    Spells: 13/13 levels left

rFire    . . .     SeeInvis +   a - +0 scimitar
rCold    + . .     Gourm    .   (no shield)
rNeg     . . .     Faith    .   F - +8 chain mail of Amelioration {*Contam rC+ MR+++ Str+2}
rPois    .         Spirit   .   c - +1 hat
rElec    .         Reflect  +   n - +2 cloak of the Thunderstorm {*Corrode Int+7 Stlth+}
rCorr    .         Harm     .   g - +0 pair of gloves
MR       ++++.                  u - +0 pair of boots of Focus {+Blink rF- SInv Stlth-}
Stlth    ..........             m - +3 amulet of reflection
HPRegen  0.32/turn              f - ring of protection from fire
MPRegen  0.14/turn              i - ring of see invisible

@: drained
A: retaliatory headbutt, horns 2
a: Recite, Vitalisation, Imprison, Sanctuary, Donate Gold, Renounce Religion,
Evoke Blink


You were on level 2 of the Orcish Mines.
You worshipped Zin.
Zin was exalted by your worship.
You were not hungry.

You visited 4 branches of the dungeon, and saw 19 of its levels.

You collected 2883 gold pieces.
You spent 552 gold pieces at shops.
You donated 209 gold pieces to Zin.

Inventory:

Hand Weapons
 a - a +0 scimitar (weapon)
 b - the +4 falchion "Zouqumer" {flame, Dex+2}
   (You found it on level 3 of the Lair of Beasts)

   It has been specially enchanted to burn those struck by it, causing extra
   injury to most foes and up to half again as much damage against particularly
   susceptible opponents.
   Big, fiery blades are also staple armaments of hydra-hunters.
   It affects your dexterity (+2).
Missiles
 k - 3 poisoned tomahawks (quivered)
 l - 35 tomahawks
 Y - 489 stones
 Z - 3 throwing nets
Armour
 c - a +1 hat (worn)
 g - a +0 pair of gloves (worn)
 n - the +2 cloak of the Thunderstorm (worn) {*Corrode Int+7 Stlth+}
   (You found it on level 6 of the Lair of Beasts)

   It affects your intelligence (+7).
   It may corrode you when you take damage.
   It makes you more stealthy.
 u - the +0 pair of boots of Focus (worn) {+Blink rF- SInv Stlth-}
   (You found it on level 3 of the Lair of Beasts)

   It makes you vulnerable to fire.
   It lets you see invisible.
   It lets you blink.
   It makes you less stealthy.
 F - the +8 chain mail of Amelioration (worn) {*Contam rC+ MR+++ Str+2}
   (You bought it in a shop on level 1 of the Orcish Mines)

   It affects your strength (+2).
   It protects you from cold.
   It affects your resistance to hostile enchantments.
   It causes magical contamination when unequipped.
Jewellery
 f - a ring of protection from fire (left hand)
 i - a ring of see invisible (right hand)
 m - a +3 amulet of reflection (around neck)
 o - an uncursed ring of fire
 H - an uncursed amulet of rage
Wands
 p - a wand of disintegration (5)
 v - a wand of flame (21)
 x - a wand of iceblast (12)
 C - a wand of acid (10)
 G - a wand of paralysis (11)
Scrolls
 e - 4 scrolls of teleportation {!r}
 h - a scroll of identify
 t - 8 scrolls of remove curse
 z - a scroll of fog
 A - 4 scrolls of magic mapping {!r}
Potions
 d - a potion of cancellation {!q}
 j - 6 potions of curing
 q - 2 potions of resistance {!q}
 r - 2 potions of agility {!q}
 w - 3 potions of heal wounds {!q}
 B - 2 potions of magic {!q}
 E - a potion of lignification {unknown}
Comestibles
 s - 25 rations


   Skills:
 - Level 16.0(15.8) Fighting
 - Level 14.0(13.9) Long Blades
 + Level 11.0(10.9) Throwing
 - Level 16.0(15.9) Armour
 - Level 3.2 Dodging
 + Level 3.8(3.7) Invocations


You had 13 spell levels left.
You didn't know any spells.

Dungeon Overview and Level Annotations

Branches:
Dungeon (10/15)            Temple (1/1) D:6            Lair (6/6) D:8
  Swamp (0/4) Lair:2        Snake (0/4) Lair:3        Slime (0/5) Lair:6
    Orc (2/2) D:9
    Elf: Orc:2

Altars:
Ashenzari
Cheibriados
Dithmenos
Elyvilon
Fedhas
Gozag
Hepliaklqana
Kikubaaqudgha
Makhleb
Nemelex Xobeh
Okawaru
Qazlal
Ru
Sif Muna
Trog
Uskayaw
Vehumet
Wu Jian
Xom
Yredelemnul
Zin
The Shining One
Beogh
Jiyva

Shops:
D:6 *   D:8 *![   Orc:1 *   Orc:2 [

Portals:
Hell: Lair:6

Annotations:
D:7 exclusion: oklob plant
Lair:1 vpUX: , exclusion: oklob plant
Orc:1 pUX: temple


Innate Abilities, Weirdness & Mutations

You reflexively headbutt those who attack you in melee.
You have a pair of horns on your head.


Message History

The orc warrior hits you with a halberd!
* * * LOW HITPOINT WARNING * * *
Damage: 13 (max 18)
You hit the orc warrior.
You kill the orc warrior!
Things that are here:
a halberd; a chain mail; 22 gold pieces You block the orc sorcerer's attack.
The orc warrior closely misses you.
Your chain mail of Amelioration prevents you from hitting the orc sorcerer.
The orc sorcerer hits you but does no damage.
The orc warrior hits you with a flail!
* * * LOW HITPOINT WARNING * * *
Damage: 15 (max 18)
You hit the orc sorcerer.
The orc sorcerer is lightly wounded.
The orc sorcerer mumbles some strange words.
You hit the orc sorcerer. You headbutt the orc sorcerer.
The orc sorcerer is heavily wounded.
The orc warrior closely misses you. You furiously retaliate!
You headbutt the orc warrior!
You riposte.
You hit the orc warrior but do no damage.
The orc warrior is moderately wounded.
The orc sorcerer says, "Argatax netranoch dertex."
The orc sorcerer hits you with a dagger of holy wrath.
* * * LOW HITPOINT WARNING * * *
Damage: 1 (max 18)
You hit the orc sorcerer but do no damage.
The orc sorcerer is heavily wounded.
The sun demon hits you but does no damage.
You block the orc warrior's attack.
Unknown command.
You closely miss the orc sorcerer. Your headbutt misses the orc sorcerer.
The orc sorcerer is heavily wounded.
The sun demon hits you!
* * * LOW HITPOINT WARNING * * *
You are engulfed in flames!
* * * LOW HITPOINT WARNING * * *
The orc sorcerer hits you but does no damage.
Damage: 26 (max 26)
You slash the orc sorcerer!
The orc sorcerer is severely wounded.
You block the sun demon's attack.
The orc warrior hits you but does no damage.
The orc sorcerer hits you but does no damage.
Unknown command.
You hit the orc sorcerer but do no damage.
Your headbutt misses the orc sorcerer.
The orc sorcerer is severely wounded.
The sun demon hits you!
You die...

.....)o#.............#
.....).o............##
.....o...............#
.44).................#
oo).................##
#.###########.#..#.##
#o###### #.......##
.......### #.##o....#
#.####o..## #..#@#..##
#.# ###..###.#o)3..##
#.# ##..###.#.....#
#.# ##.##...#...## #.#
#.###.....## o..
..##.....## ..
..###....## #.. #...##
o.. #....######


You could see a sun demon, an orc sorcerer and an orc warrior.

Vanquished Creatures
  An orc warlord (Orc:1)
  Nessos (Orc:2)
  Josephine (Lair:5)
  10 hydras
  An alligator (Lair:6)
  2 two-headed ogres
  2 orc high priests
  A sixfirhy (Lair:6)
  An unseen horror (D:10)
  Pikel (D:5)
  A wizard (Lair:6)
  7 orc knights
  5 orc sorcerers
  3 black mambas
  A smoke demon (Lair:6)
  12 spiny frogs
  3 orange demons (Lair:6)
  2 rime drakes
  13 komodo dragons
  An ice devil (Lair:6)
  A red devil (Lair:6)
  2 polar bears (Lair:5)
  4 trolls
  Grinder (D:6)
  4 tyrant leeches
  2 slime creatures (Lair:6)
  8 blink frogs
  A dream sheep (Lair:6)
  9 hippogriffs
  2 wyverns
  39 yaks
  5 wraiths (Lair:5)
  3 basilisks
  2 wargs
  4 nagas (Lair:3)
  4 hell hounds (Lair:6)
  6 water moccasins
  15 porcupines
  An eye of draining (D:8)
  An ice beast (D:8)
  39 orc warriors
  A sky beast (D:9)
  4 phantoms
  10 ogres
  2 centaurs (D:9)
  10 wolves
  10 crocodiles
  A big kobold (D:8)
  Blork the orc (D:5)
  11 bullfrogs
  A wyvern zombie (D:10)
  4 scorpions
  7 killer bees
  5 wights (D:9)
  3 howler monkeys
  4 electric eels
  2 crimson imps
  2 centaur zombies
  2 hounds
  A jelly (D:8)
  29 orc wizards
  19 orc priests
  3 iguanas
  2 centaur skeletons
  6 worker ants
  A killer bee zombie (D:7)
  A hound zombie (D:7)
  A hound skeleton (D:9)
  2 worker ant zombies (D:5)
  8 gnolls
  A howler monkey skeleton (D:6)
  9 adders
  3 shadow imps
  2 adder skeletons
  3 dart slugs
  5 leopard geckos
  72 orcs
  A ball python (D:1)
  7 bats
  4 giant cockroaches
  7 goblins
  11 hobgoblins
  8 jackals
  4 quokkas
  5 frilled lizards
  2 jackal zombies
  A quokka zombie (D:8)
  4 rats
  A plant (Lair:1)
525 creatures vanquished.

Vanquished Creatures (others)
  A centaur (D:9)
  An orc (D:9)
  32 fungi
  9 plants
43 creatures vanquished.

Grand Total: 568 creatures vanquished

Notes
Turn   | Place    | Note
-------+----------+-------------------------------------------
     0 | D:1      | Gorice the Minotaur Gladiator began the quest for the Orb.
     0 | D:1      | Reached XP level 1. HP: 18/18 MP: 0/0
   155 | D:1      | Reached skill level 4 in Long Blades
   189 | D:1      | Reached XP level 2. HP: 24/25 MP: 1/1
   845 | D:2      | Reached skill level 5 in Long Blades
   845 | D:2      | Reached XP level 3. HP: 27/30 MP: 2/2
  1150 | D:2      | Found a faded altar of an unknown god.
  1357 | D:2      | Found an iron altar of Okawaru.
  1362 | D:2      | Found an ornate altar of the Wu Jian Council.
  1365 | D:2      | Found a shimmering altar of Xom.
  1383 | D:2      | Found a sacrificial altar of Ru.
  1387 | D:2      | Found a basalt altar of Yredelemnul.
  1460 | D:2      | Found a deep blue altar of Sif Muna.
  1705 | D:3      | Reached XP level 4. HP: 37/37 MP: 3/3
  1720 | D:3      | Reached skill level 6 in Long Blades
  1785 | D:3      | Reached skill level 7 in Long Blades
  1785 | D:3      | Reached XP level 5. HP: 15/42 MP: 4/4
  2670 | D:4      | Found a white marble altar of Elyvilon.
  2670 | D:4      | Found an opulent altar of Gozag.
  2694 | D:4      | Reached skill level 8 in Long Blades
  2694 | D:4      | Reached XP level 6. HP: 50/50 MP: 5/5
  3008 | D:4      | Reached skill level 9 in Long Blades
  3212 | D:4      | Reached XP level 7. HP: 56/56 MP: 6/6
  3243 | D:4      | Reached skill level 10 in Long Blades
  3712 | D:5      | Entered Level 5 of the Dungeon
  3930 | D:5      | Noticed Blork the orc
  3937 | D:5      | Killed Blork the orc
  3952 | D:5      | Reached skill level 11 in Long Blades
  3960 | D:5      | Found a snail-covered altar of Cheibriados.
  4095 | D:5      | Noticed Pikel
  4103 | D:5      | Killed Pikel
  4103 | D:5      | Reached skill level 12 in Long Blades
  4103 | D:5      | Reached XP level 8. HP: 30/62 MP: 7/7
  4674 | D:5      | Reached skill level 3 in Fighting
  4695 | D:6      | Noticed Grinder
  4751 | D:6      | Found a snail-covered altar of Cheibriados.
  4755 | D:6      | Noticed a troll
  4796 | D:6      | Found an ancient bone altar of Kikubaaqudgha.
  4920 | D:6      | Found a staircase to the Ecumenical Temple.
  4926 | Temple   | Entered the Ecumenical Temple
  4997 | Temple   | Became a worshipper of Zin the Law-Giver
  4997 | Temple   | Reached * piety under Zin
  5261 | D:6      | Reached skill level 4 in Fighting
  5351 | D:6      | Killed Grinder
  5351 | D:6      | Reached skill level 13 in Long Blades
  5360 | D:6      | Reached skill level 5 in Fighting
  5400 | D:6      | Found Juarug's Elemental Accessories.
  5451 | D:6      | Reached XP level 9. HP: 54/74 MP: 8/8
  5588 | D:7      | Reached ** piety under Zin
  5675 | D:7      | Reached *** piety under Zin
  5677 | D:7      | Noticed an oklob plant
  5990 | D:7      | Reached skill level 6 in Fighting
  6023 | D:7      | Noticed a dagger
  6023 | D:7      | Noticed a dagger
  6025 | D:7      | Found a hide-covered altar of Uskayaw.
  6039 | D:7      | Found a burning altar of Makhleb.
  6356 | D:8      | Reached **** piety under Zin
  6420 | D:8      | Reached skill level 7 in Fighting
  6495 | D:8      | Reached skill level 14 in Long Blades
  6557 | D:8      | Found Buschypp's Antique Armour Shoppe.
  6635 | D:8      | Found Pikkaq's Assorted Antiques.
  6660 | D:8      | Reached skill level 8 in Fighting
  6670 | D:8      | Bought a metallic blue potion for 18 gold pieces
  6670 | D:8      | Bought a grey potion for 18 gold pieces
  6670 | D:8      | Bought a metallic golden potion for 18 gold pieces
  6691 | D:8      | Found Utarou Betz's Distillery.
  6706 | D:8      | Bought a potion of haste for 120 gold pieces
  6743 | D:8      | Reached skill level 9 in Fighting
  6753 | D:8      | Reached skill level 1 in Armour
  6775 | D:8      | Reached skill level 2 in Armour
  6817 | D:8      | Found a staircase to the Lair.
  7045 | D:8      | Reached XP level 10. HP: 86/91 MP: 9/9
  7145 | D:8      | Reached skill level 3 in Armour
  7248 | Lair:1   | Entered Level 1 of the Lair of Beasts
  7353 | Lair:1   | Reached skill level 4 in Armour
  7384 | Lair:1   | Reached skill level 5 in Armour
  7458 | Lair:1   | Reached ***** piety under Zin
  7487 | Lair:1   | Reached skill level 10 in Fighting
  7499 | Lair:1   | Reached skill level 6 in Armour
  7520 | Lair:1   | Reached skill level 7 in Armour
  7922 | Lair:1   | Noticed a black mamba
  7931 | Lair:1   | Killed a black mamba
  7931 | Lair:1   | Reached skill level 8 in Armour
  8194 | Lair:1   | Noticed an oklob plant
  8363 | Lair:2   | Noticed a seven-headed hydra
  8503 | Lair:1   | Reached skill level 11 in Fighting
  8503 | Lair:1   | Reached skill level 9 in Armour
  8857 | Lair:1   | HP: 26/95 [tyrant leech (23)]
  8866 | Lair:1   | HP: 27/142 [tyrant leech (8)]
  8871 | Lair:1   | Reached XP level 11. HP: 29/102 MP: 10/10
  9521 | Lair:2   | Found a staircase to the Swamp.
  9889 | D:9      | Reached skill level 10 in Armour
 10101 | D:9      | Found a hazy altar of Hepliaklqana.
 10404 | D:9      | Noticed a two-headed ogre
 10412 | D:9      | Killed a two-headed ogre
 10412 | D:9      | Reached skill level 11 in Armour
 10879 | D:9      | Reached skill level 12 in Fighting
 11055 | D:9      | Found a staircase to the Orcish Mines.
 11171 | D:10     | Entered Level 10 of the Dungeon
 11329 | D:10     | Reached ****** piety under Zin
 11445 | D:10     | Noticed a two-headed ogre
 11452 | D:10     | Killed a two-headed ogre
 11452 | D:10     | Reached skill level 3 in Throwing
 11568 | D:10     | Reached skill level 12 in Armour
 11659 | D:10     | Noticed an unseen horror
 11677 | D:10     | Killed an unseen horror
 11677 | D:10     | Reached skill level 4 in Throwing
 11972 | Orc:1    | Entered Level 1 of the Orcish Mines
 12447 | Orc:1    | Reached XP level 12. HP: 86/113 MP: 11/11
 12546 | Orc:1    | Found Omucrixo's Assorted Antiques.
 12630 | Orc:1    | Bought a scroll labeled LUSCHA BAMIAPH for 36 gold pieces
 12630 | Orc:1    | Bought a dazzling chain mail for 342 gold pieces
 12630 | Orc:1    | Identified the +8 chain mail of Amelioration {*Contam rC+ MR+++ Str+2} (You bought it in a shop on level 1 of the Orcish Mines)
 12780 | Orc:1    | Noticed an orc warlord
 13292 | Orc:1    | HP: 24/113 [orc warlord/great sword (26)]
 13294 | Orc:1    | Killed an orc warlord
 13294 | Orc:1    | Reached skill level 13 in Fighting
 13294 | Orc:1    | Reached skill level 5 in Throwing
 13664 | Orc:1    | HP: 31/115 [orc warrior/battleaxe (9)]
 14329 | Lair:1   | HP: 34/115 [seven-headed hydra (6)]
 14333 | Lair:1   | HP: 13/115 [seven-headed hydra (5)]
 14337 | Lair:1   | HP: 4/115 [seven-headed hydra (11)]
 14799 | Lair:2   | Reached skill level 13 in Armour
 14804 | Lair:2   | Reached skill level 6 in Throwing
 15228 | Lair:3   | Found a staircase to the Snake Pit.
 15669 | Lair:3   | Noticed a five-headed hydra
 15678 | Lair:3   | Killed a five-headed hydra
 15696 | Lair:3   | Reached skill level 7 in Throwing
 15701 | Lair:3   | Reached skill level 14 in Fighting
 15811 | Lair:3   | Got a brightly glowing falchion
 15812 | Lair:3   | Identified the +4 falchion "Zouqumer" {flame, Dex+2} (You found it on level 3 of the Lair of Beasts)
 15826 | Lair:3   | Noticed a four-headed hydra
 15831 | Lair:3   | Killed a two-headed hydra
 15896 | Lair:3   | Noticed an eight-headed hydra
 15909 | Lair:3   | Killed a four-headed hydra
 15933 | Lair:3   | Got a pair of warped boots
 15944 | Lair:3   | Identified the +0 pair of boots of Focus {+Blink rF- SInv Stlth-} (You found it on level 3 of the Lair of Beasts)
 16104 | Lair:3   | Noticed a four-headed hydra
 16113 | Lair:3   | Killed a one-headed hydra
 16131 | Lair:3   | Reached XP level 13. HP: 97/125 MP: 12/12
 16309 | Lair:3   | Reached skill level 14 in Armour
 16866 | Lair:4   | Found a hazy altar of Hepliaklqana.
 17018 | Lair:4   | Reached skill level 8 in Throwing
 18023 | Lair:5   | Noticed Josephine
 18051 | Lair:5   | Killed Josephine
 18075 | Lair:5   | HP: 34/125 [hippogriff (4)]
 18227 | Lair:5   | Reached skill level 15 in Fighting
 18895 | Lair:6   | Entered Level 6 of the Lair of Beasts
 19042 | Lair:6   | Reached skill level 9 in Throwing
 20022 | Lair:6   | Reached skill level 15 in Armour
 20530 | Lair:6   | Found a runed door.
 20530 | Lair:6   | Found a viscous altar of Jiyva.
 20588 | Lair:6   | Found a staircase to the Slime Pits.
 21105 | Lair:6   | Found a burning altar of Makhleb.
 21170 | Lair:6   | Reached skill level 10 in Throwing
 21266 | Lair:6   | Reached XP level 14. HP: 56/136 MP: 13/13
 21584 | Lair:6   | Found a gateway to Hell.
 21593 | Lair:6   | Got a bloodstained cloak
 21599 | Lair:6   | Identified the +2 cloak of the Thunderstorm {*Corrode Int+7 Stlth+} (You found it on level 6 of the Lair of Beasts)
 22061 | Orc:1    | Reached skill level 16 in Fighting
 22550 | Orc:1    | Reached skill level 1 in Invocations
 22594 | Orc:1    | Found a roughly hewn altar of Beogh.
 22617 | Orc:1    | HP: 41/137 [ice devil[an orc high priest] (5)]
 23136 | Orc:2    | Entered Level 2 of the Orcish Mines
 23142 | Orc:2    | Noticed Nessos
 23155 | Orc:2    | Killed Nessos
 23155 | Orc:2    | Reached skill level 2 in Invocations
 23283 | Orc:1    | HP: 39/137 [orc warrior/flail[an orc knight] (9)]
 24491 | Orc:2    | Found Evuheaje's Armour Shoppe.
 24705 | Orc:2    | Reached skill level 16 in Armour
 24705 | Orc:2    | Reached skill level 3 in Invocations
 24814 | Orc:2    | HP: 21/137 [orc knight/war axe (24)]
 25371 | Orc:2    | Reached skill level 11 in Throwing
 25410 | Orc:2    | HP: 41/137 [orc warrior/flail (16)]
 25414 | Orc:2    | HP: 14/137 [sun demon[an orc sorcerer] (11)]
 25416 | Orc:2    | Slain by a sun demon

Vault maps used:
D:1:      minmay_arrival_widening_spiral_narrow, minmay_pentomino_z2
D:2:      minmay_overflow_temple_star_hex, chequers_ecumenical_altar_simple,
          solitary_fountain, led_sif_pool
D:3:      cheibrodos_pilgrimage
D:4:      chequers_temple_overflow_statue_of_worship, first_ration
D:5:      kennysheep_slug_shrine, supply_closet_lemuel, uniq_blork_the_orc,
          uniq_pikel
D:6:      lemuel_crystal_altar, temple_green, basic_altar,
          nicolae_elemental_shop, uniq_grinder
D:7:      hangedman_cross_stitches, overflow_temple_1_default,
          dancing_weapons_uskayaw, lemuel_oklob_altar
D:8:      minmay_four_partial_circles, grunt_lair_entry_orc_guard_hut,
          serial_shops, nicolae_shop_window_shopping, shop,
          nicolae_shop_overgrown_old_shop
D:9:      nicolae_overflow_crystal_walls, erik_orc_2
Temple:   compressed_dpeg_triangle_lava_temple
Lair:1:   grunt_megastairs_3, minmay_lair_oklob_chamber
Lair:2:   minmay_swamp_entry_worms, grunt_megastairs_2
Lair:3:   minmay_snake_entry_guardpost_medium, beast_lair_carwin_4,
          lemuel_fruit_tree
Lair:4:   basic_altar
Lair:5:   gammafunk_lair_bear_cave, uniq_josephine
Lair:6:   evil_forest, slime_altar_2
Orc:1:    orc_temple, serial_shops, shop
Orc:2:    st_orc_elflike, serial_shops, nicolae_shop_stone, uniq_nessos

Skill      XL: |  1  2  3  4  5  6  7  8  9 10 11 12 13 14 |
---------------+-------------------------------------------+-----
Long Blades    | 4 5 7 8 9 12 13 14 | 14.0
Fighting       | 5 9 11 12 14 15 16 | 16.0
Armour         | 2 9 12 13 15 16 | 16.0
Throwing       | 4 7 10 11 | 11.0
Invocations    | 3 |  3.8
Dodging        | |  3.2

Action                   |  1- 3 |  4- 6 |  7- 9 | 10-12 | 13-15 || total
-------------------------+-------+-------+-------+-------+-------++-------
Melee: Long sword        |    71 |    82 |    34 |       |       ||   187
       Headbutt          |     7 |    12 |    62 |   216 |   179 ||   476
       Scimitar          |       |       |   272 |   903 |   737 ||  1912
       Falchion          |       |       |       |    13 |    29 ||    42
       Short sword       |       |       |       |    13 |       ||    13
Throw: Tomahawk          |       |    16 |    40 |    84 |    67 ||   207
       Stone             |       |    10 |     1 |       |       ||    11
Evoke: Wand              |       |       |       |     8 |     4 ||    12
  Use: Scroll            |     5 |     3 |     8 |    10 |    11 ||    37
       Potion            |       |       |       |     5 |       ||     5
 Stab: Sleeping          |     1 |       |       |       |       ||     1
       Paralysed         |       |       |       |       |     6 ||     6
  Eat: Chunk             |     2 |     4 |     7 |    15 |    14 ||    42
       Ration            |       |       |     2 |     4 |     5 ||    11
Armor: Leather armour    |     2 |       |       |       |       ||     2
       Ring mail         |    17 |       |       |       |       ||    17
       Scale mail        |     2 |    21 |    49 |       |       ||    72
       Chain mail        |       |       |    74 |   444 |   430 ||   948
Dodge: Dodged            |    45 |    39 |   117 |   305 |   333 ||   839
Block: Other             |     4 |    11 |    17 |    79 |    96 ||   207
       Reflection        |       |       |       |     6 |     3 ||     9
       Rpst.: Long sword |     4 |     7 |     5 |       |       ||    16
       Scimitar          |       |       |    29 |    59 |    83 ||   171

Table legend:
 A = Spawn XP
 B = Non-spawn XP
 C = Spawn XP percentage of total XP
 D = Spawn monster count
 E = Non-spawn monster count
 F = Spawn count percentage of total count
 G = Total turns spent on level
                    A         B        C        D         E        F      G
               +---------+---------+-------+---------+---------+-------+---------
         Total |       0 |   81200 |   0.0 |       0 |     526 |   0.0 | 25416
               +---------+---------+-------+---------+---------+-------+---------
           D:1 |       0 |      24 |   0.0 |       0 |      15 |   0.0 |   707
           D:2 |       0 |      54 |   0.0 |       0 |      16 |   0.0 |   880
           D:3 |       0 |     227 |   0.0 |       0 |      26 |   0.0 |   906
           D:4 |       0 |     691 |   0.0 |       0 |      15 |   0.0 |  1219
           D:5 |       0 |    1104 |   0.0 |       0 |      14 |   0.0 |  1036
           D:6 |       0 |     726 |   0.0 |       0 |      22 |   0.0 |   554
           D:7 |       0 |     515 |   0.0 |       0 |      22 |   0.0 |   769
           D:8 |       0 |    2555 |   0.0 |       0 |      39 |   0.0 |  1335
           D:9 |       0 |    5116 |   0.0 |       0 |      62 |   0.0 |  2368
          D:10 |       0 |    4276 |   0.0 |       0 |      22 |   0.0 |   710
        Lair:1 |       0 |    5769 |   0.0 |       0 |      27 |   0.0 |  2225
        Lair:2 |       0 |    3704 |   0.0 |       0 |      18 |   0.0 |  1234
        Lair:3 |       0 |   10157 |   0.0 |       0 |      36 |   0.0 |  1441
        Lair:4 |       0 |    3089 |   0.0 |       0 |       9 |   0.0 |   845
        Lair:5 |       0 |    7670 |   0.0 |       0 |      31 |   0.0 |  1704
        Lair:6 |       0 |   17781 |   0.0 |       0 |      46 |   0.0 |  2622
         Orc:1 |       0 |    9415 |   0.0 |       0 |      60 |   0.0 |  3193
         Orc:2 |       0 |    8327 |   0.0 |       0 |      46 |   0.0 |  1414
               +---------+---------+-------+---------+---------+-------+---------

Table legend:
 A = Turns spent in this place as a percentage of turns spent in the entire game.
 B = Non-inter-level travel turns spent in this place as a percentage of non-inter-level travel turns spent in the entire game.
 C = Inter-level travel turns spent in this place as a percentage of turns spent in this place.
 D = Turns resting spent in this place as a percentage of non-inter-level travel turns spent in this place.
 E = Turns spent auto-exploring this place as a percentage of non-inter-level travel turns spent in this place.
 F = Non-inter-level travel turns spent in this place divided by the number of levels of this place that you've seen.
                   A       B       C       D       E      F
               +-------+-------+-------+-------+-------+----------------------
         Total | 100.0 | 100.0 |   4.2 |  35.9 |  34.6 | 1280.8
       Dungeon |  41.2 |  40.9 |   5.0 |  23.2 |  46.8 | 995.5
        Temple |   1.0 |   1.0 |   1.2 |   0.0 |  94.0 | 251.0
          Lair |  39.6 |  40.0 |   3.3 |  42.8 |  29.0 | 1623.2
  Orcish Mines |  18.1 |  18.0 |   4.7 |  51.5 |  16.2 | 2195.5
               +-------+-------+-------+-------+-------+----------------------

Vault maps used:
D:1:      minmay_arrival_widening_spiral_narrow, minmay_pentomino_z2
D:2:      minmay_overflow_temple_star_hex, chequers_ecumenical_altar_simple,
          solitary_fountain, led_sif_pool
D:3:      cheibrodos_pilgrimage
D:4:      chequers_temple_overflow_statue_of_worship, first_ration
D:5:      kennysheep_slug_shrine, supply_closet_lemuel, uniq_blork_the_orc,
          uniq_pikel
D:6:      lemuel_crystal_altar, temple_green, basic_altar,
          nicolae_elemental_shop, uniq_grinder
D:7:      hangedman_cross_stitches, overflow_temple_1_default,
          dancing_weapons_uskayaw, lemuel_oklob_altar
D:8:      minmay_four_partial_circles, grunt_lair_entry_orc_guard_hut,
          serial_shops, nicolae_shop_window_shopping, shop,
          nicolae_shop_overgrown_old_shop
D:9:      nicolae_overflow_crystal_walls, erik_orc_2
Temple:   compressed_dpeg_triangle_lava_temple
Lair:1:   grunt_megastairs_3, minmay_lair_oklob_chamber
Lair:2:   minmay_swamp_entry_worms, grunt_megastairs_2
Lair:3:   minmay_snake_entry_guardpost_medium, beast_lair_carwin_4,
          lemuel_fruit_tree
Lair:4:   basic_altar
Lair:5:   gammafunk_lair_bear_cave, uniq_josephine
Lair:6:   evil_forest, slime_altar_2
Orc:1:    orc_temple, serial_shops, shop
Orc:2:    st_orc_elflike, serial_shops, nicolae_shop_stone, uniq_nessos
